 Dungeon Crawl Stone Soup version 0.26-a0-837-g5a8a614f01 (webtiles) character file.

Game seed: 13297989280388390366

49 Decritt the Gusty (level 3, 0/20 HPs)
             Began as a Tengu Air Elementalist on Nov 18, 2020.
             Slain by a gnoll
             ... wielding a +0 spear
              (7 damage)
             ... on level 3 of the Dungeon.
             The game lasted 00:05:42 (2510 turns).

Decritt the Gusty (Tengu Air Elementalist)          Turns: 2510, Time: 00:05:42

Health: 0/20       AC:  3    Str:  8    XL:     3   Next: 75%
Magic:  6/7        EV: 12    Int: 16    God:
Gold:   67         SH:  0    Dex: 14    Spells: 3/6 levels left

rFire    . . .     SeeInvis .   e - +0 dagger
rCold    . . .     Faith    .   (no shield)
rNeg     . . .     Spirit   .   l - +0 leather armour
rPois    .         Reflect  .   (helmet restricted)
rElec    .         Harm     .   (no cloak)
rCorr    .         Rampage  .   (no gloves)
MR       .....                  (boots unavailable)
Stlth    ++........             (no amulet)
HPRegen  0.06/turn              (no ring)
MPRegen  0.10/turn              (no ring)

@: lethally poisoned (0 -> -2), sluggish, very slow
A: beak, talons 3
a: no special abilities


You were on level 3 of the Dungeon.
You visited 1 branch of the dungeon, and saw 3 of its levels.

You collected 67 gold pieces.

Inventory:

Hand Weapons
 e - a +0 dagger (weapon)
Armour
 a - a +0 robe
 l - a +0 leather armour (worn)
Jewellery
 b - an uncursed amulet of faith
Scrolls
 c - 3 scrolls of identify {unknown}
 d - 4 scrolls of remove curse {unknown}
 f - a scroll of teleportation {unknown}
 i - a scroll of enchant armour {unknown}
 j - a scroll of random uselessness {unknown}
 m - a scroll of enchant weapon {unknown}
Potions
 g - 2 potions of curing {unknown}
 h - 3 potions of heal wounds {unknown}
 k - a potion of degeneration {unknown}


   Skills:
 * Level 1.0 Fighting
 + Level 0.5 Armour
 * Level 2.6 Dodging
 - Level 2.0 Stealth
 - Level 2.3 Spellcasting
 - Level 2.3 Conjurations
 - Level 4.5 Air Magic


You had 3 spell levels left.
You knew the following spells:

 Your Spells              Type           Power        Failure   Level
a - Shock                 Conj/Air       ##..         7%          1
b - Swiftness             Air            ###.....     7%          2

Your spell library contained the following spells:

 Spells                   Type           Power        Failure   Level
 Static Discharge         Conj/Air       ##......     21%         3
 Airstrike                Air            ###.......   41%         4
 Lightning Bolt           Conj/Air       ##........   88%         5


Dungeon Overview and Level Annotations

Branches:
Dungeon (3/15)

Altars:


Innate Abilities, Weirdness & Mutations

You have a beak for a mouth.
You have claws for feet.


Message History

You feel sick.
You start to feel a little slower.
You feel sick.
There is a stone staircase leading down here.
You climb downwards. 3 gnolls come into view.
You feel sick.
The gnoll shouts! x3; You hear a shout! x3
Found a scroll labelled GAOT ZUISMI.
There is a stone staircase leading up here.
You feel sluggish.
An orc wizard comes into view. It is wielding a +0 dagger.
You feel sick.
The orc wizard casts a spell.
The orc wizard flickers and vanishes!
Deactivating autopickup; reactivate with Ctrl-A.
You see here a scroll labelled GAOT ZUISMI.
You start to feel a little faster.
The gnoll hits you from afar with a +0 spear!
You die...

### ... #.. #.g
#.g #### #..
...
###..#######.#
#....{.ggg.@.#
#..#..#########
#.. #... ##..
.## .# #


You could see 3 gnolls.

Vanquished Creatures
  2 oozes (D:1)
  A dart slug (D:1)
  A leopard gecko (D:1)
  A ball python (D:1)
  3 bats
  4 giant cockroaches
  6 hobgoblins
  5 kobolds
  5 frilled lizards
  3 goblins
  5 rats
36 creatures vanquished.

Notes
Turn   | Place    | Note
-------+----------+-------------------------------------------
     0 | D:1      | Decritt the Tengu Air Elementalist began the quest for the
                  | Orb.
     0 | D:1      | Reached XP level 1. HP: 10/10 MP: 4/4
    90 | D:1      | Reached XP level 2. HP: 15/15 MP: 1/6
   847 | D:1      | Reached XP level 3. HP: 19/19 MP: 7/7
  1330 | D:1      | Learned a level 2 spell: Swiftness
  2350 | D:2      | Reached skill level 1 in Fighting
  2510 | D:3      | Slain by a gnoll

Illustrated notes

Levels and vault maps discovered:
D:1:      psy_arrival_whirlpool, layout_basic, minmay_tetromino_s2
D:2:      layout_basic, nicolae_ru_great_annihilating_truth
D:3:      layout_loops_ring, gammafunk_temple_overflow_pools,
          chequers_ecumenical_altar_lobes, ebering_dispersal_statue_hall

Skill      XL: |  1  2  3 |
---------------+----------+-----
Conjurations   | 2 |  2.3
Fighting       | 1 |  1.0
Armour         | |  0.5
Dodging        | |  2.6
Stealth        | |  2.0
Spellcasting   | |  2.3
Air Magic      | |  4.5

Action                   || total
-------------------------++-------
Melee: Kick              ||    21
       Unarmed           ||     3
       Dagger            ||    99
       Peck              ||    17
 Cast: Shock             ||    10
       Swiftness         ||     3
 Stab: Sleeping          ||     6
Armor: Robe              ||    10
       Leather armour    ||     9
Dodge: Dodged            ||    62

Table legend: (Time is in decaauts)
 A = Elapsed time spent in this place.
 B = Non-inter-level travel time spent in this place.
 C = Inter-level travel time spent in this place.
 D = Time resting spent in this place.
 E = Time spent auto-exploring this place.
 F = Levels seen in this place.
 G = Mean time per level.
                   A        B        C        D        E       F      G
               +--------+--------+--------+--------+--------+-----+--------+
         Total |   2503 |   2465 |     38 |    821 |   1213 |   3 |  834.3 |
       Dungeon |   2503 |   2465 |     38 |    821 |   1213 |   3 |  834.3 |
               +--------+--------+--------+--------+--------+-----+--------+

Top non-repeatable levels by time:
     D:1: 1732 daAuts
     D:2: 764 daAuts
     D:3: 6 daAuts
